 Dungeon Crawl Stone Soup version 0.17-a0-2073-gde5cdba (webtiles) character file.

89 tp1 the Magician (level 4, -3/24 HPs)
             Began as a Deep Elf Conjurer on Oct 14, 2015.
             Killed by divine providence
             ... invoked by an orc priest
              (14 damage)
             ... on level 3 of the Dungeon.
             The game lasted 00:13:42 (3274 turns).

tp1 the Magician (Deep Elf Conjurer)                Turns: 3274, Time: 00:13:43

Health: -3/24      AC:  8    Str:  5    XL:     4   Next: 31%
Magic:  7/14       EV: 12    Int: 21    God:
Gold:   117        SH:  0    Dex: 14    Spells: 2 memorised, 10 levels left

rFire  . . .     SeeInvis .     p - +1 dagger (speed)
rCold  . . .     Clarity  .     e - +0 leather armour
rNeg   . . .     SustAt   .     (no shield)
rPois  .         Gourm    .     (no helmet)
rElec  .         Spirit   .     (no cloak)
rCorr  .         Warding  .     f - +0 pair of gloves
rMut   .         Stasis   .     (no boots)
MR     .....                    t - amulet of inaccuracy (curse)
Stlth  ++........               (no ring)
                                (no ring)

@: not resistant to hostile enchantments, unstealthy
A: rough black scales 1, high mp 1, subdued magic 1
a: no special abilities


You were on level 3 of the Dungeon.
You were not hungry.

You visited 1 branch of the dungeon, and saw 3 of its levels.

You collected 117 gold pieces.

Inventory:

Hand Weapons
 l - a +0 dagger
 p - a +1 dagger of speed (weapon)
Armour
 a - a +0 robe
 e - a +0 leather armour (worn)
 f - a +0 pair of gloves (worn)
Jewellery
 h - an uncursed amulet of resist mutation
 t - a cursed amulet of inaccuracy (around neck)
Scrolls
 d - a scroll of blinking {unknown}
 g - 2 scrolls of teleportation {unknown}
 i - a scroll of enchant weapon {unknown}
 j - 2 scrolls of identify {unknown}
 o - a scroll of magic mapping {unknown}
 r - a scroll of fog {unknown}
 u - a scroll of remove curse {unknown}
 v - a scroll of random uselessness {unknown}
Potions
 k - a potion of lignification {unknown}
 n - a potion of ambrosia
 q - a potion of brilliance
Books
 b - a book of Conjurations

   Spells                             Type                      Level
   a - Magic Dart                     Conjuration                  1
   b - Searing Ray                    Conjuration                  2
   c - Dazzling Spray                 Conjuration/Hexes            3
   d - Fulminant Prism                Conjuration/Hexes            4
   e - Iskenderun's Mystic Blast      Conjuration                  4
   f - Iskenderun's Battlesphere      Conjuration/Charms           5
Comestibles
 c - 2 bread rations
 m - a beef jerky
 s - 4 chunks of flesh


   Skills:
 - Level 2.0 Short Blades
 - Level 2.4 Dodging
 - Level 2.4 Stealth
 - Level 5.2 Spellcasting
 + Level 4.5 Conjurations


You had 10 spell levels left.
You knew the following spells:

 Your Spells              Type           Power        Failure   Level  Hunger
a - Magic Dart            Conj           ###.         1%          1    None
b - Searing Ray           Conj           ###...       2%          2    None


Dungeon Overview and Level Annotations

Branches:
Dungeon (3/15)

Altars:


Innate Abilities, Weirdness & Mutations

You are partially covered in rough black scales (AC +4, Dex -1).
You have an increased reservoir of magic (+10% MP).
Your spells are a little easier to cast, but a little less powerful.


Message History

Something smites you!
Ouch! That really hurt!
Casting: Searing Ray
Confirm with . or Enter, or press ? or * to list all spells.
Aiming: Searing Ray
Press: ? - help, Shift-Dir - straight line, f/p - orc priest
Aim: an orc priest, wearing a runed leather armour (lightly wounded)
The searing ray misses the orc priest.
The kobold hits you but does no damage.
Casting: Searing Ray
Confirm with . or Enter, or press ? or * to list all spells.
Aiming: Searing Ray
Press: ? - help, Shift-Dir - straight line, f/p - orc priest
Aim: an orc priest, wearing a runed leather armour (lightly wounded)
The searing ray hits the orc priest.
The orc priest is moderately wounded.
The kobold barely misses you.
The orc priest mumbles some strange prayers to Beogh against you.
Something smites you!
Ouch! That really hurt!
You die...

#..?......
#....>....
#.........
#....[....
#.%.......
#.........
#####.......=.
##.......o..#.#
#.....@.....#
#.......K....#
#..........#....
#..........#####
#.%........#
#..........#
##........##
..........


You could see an orc priest and a kobold.

Vanquished Creatures
  3 adders (D:2)
  2 giant geckos (D:1)
  2 orcs
  4 ball pythons
  2 giant cockroaches (D:2)
  10 goblins
  4 hobgoblins
  2 quokkas (D:2)
  7 bats (D:2)
  5 giant newts
  7 kobolds (D:2)
  9 rats
57 creatures vanquished.

Notes
Turn   | Place    | Note
--------------------------------------------------------------
     0 | D:1      | tp1 the Deep Elf Conjurer began the quest for the Orb.
     0 | D:1      | Reached XP level 1. HP: 10/10 MP: 6/6
     2 | D:1      | Noticed a minotaur
     2 | D:1      | Noticed a demonspawn
     4 | D:1      | Noticed a demigod
     4 | D:1      | Noticed a human
     6 | D:1      | Noticed a centaur
     8 | D:1      | Noticed a naga
     8 | D:1      | Noticed a merfolk
    10 | D:1      | Noticed a tengu
    12 | D:1      | Noticed an ogre
    14 | D:1      | Noticed an octopode
    14 | D:1      | Noticed a vampire
    16 | D:1      | Noticed a spriggan
    18 | D:1      | Noticed a draconian
    18 | D:1      | Noticed a troll
    20 | D:1      | Noticed a dwarf
    20 | D:1      | Noticed a formicid
    22 | D:1      | Noticed an elf
    22 | D:1      | Noticed a gargoyle
    24 | D:1      | Noticed a felid
    24 | D:1      | Noticed a vine stalker
    26 | D:1      | Noticed a ghoul
   290 | D:1      | Reached XP level 2. HP: 15/15 MP: 6/8
   329 | D:1      | Learned a level 2 spell: Searing Ray
  2064 | D:2      | Reached XP level 3. HP: 16/19 MP: 11/11
  2180 | D:2      | Reached skill level 1 in Short Blades
  2221 | D:2      | Gained mutation: Your spells are a little easier to cast, but a little less powerful. [potion of mutation]
  2221 | D:2      | Gained mutation: You are partially covered in rough black scales (AC +4, Dex -1). [potion of mutation]
  2221 | D:2      | Gained mutation: You have an increased reservoir of magic (+10% MP). [potion of mutation]
  2235 | D:2      | Reached skill level 5 in Spellcasting
  2524 | D:2      | Reached XP level 4. HP: 24/24 MP: 12/14
  3274 | D:3      | Killed from afar by an orc priest

Vault maps used:
D:1:      kb_arrival_jail
D:2:      forest_paths, first_bread
D:3:      xom_teletrap_fun

Action                   |  1- 3 |  4- 6 || total
-------------------------+-------+-------++-------
Melee: Dagger            |    32 |     2 ||    34
 Cast: Magic Dart        |    77 |    27 ||   104
       Searing Ray       |       |     4 ||     4
  Use: Potion            |     3 |       ||     3
 Stab: Sleeping          |     1 |       ||     1
  Eat: Chunk             |     5 |     2 ||     7
